Rangers vs Jets

Created - January 8, 2017 at 11:18

Goals
1 2 3 T
Rangers 1 1 0 2
Jets 2 2 1 5
Shots
1 2 3 T
Rangers 9 12 10 31
Jets 11 12 9 32

1st period

1. Rangers , Tyler Ennis 3 (Connor McDavid, Brian Elliott) at 2:19
2. Jets , Joe Pavelski 23 (Jamie Benn, David Krejci) at 15:17 (PP)
3. Jets , Hampus Lindholm 3 (Joe Pavelski, Jamie Benn) at 17:06 (PP)

Penalties :
Jamie Benn (WPG) for Holding (Minor) at 0:14, Joel Edmundson (NYR) for High sticking (Double Minor) at 14:53, Adam Lowry (WPG) for Roughing (Minor) at 17:07

2nd period

4. Rangers , Brad Richards 5 (Benoit Pouliot, Jaromir Jagr) at 9:32
5. Jets , Jason Zucker 8 (Nick Bonino, Rickard Rakell) at 13:51
6. Jets , Jamie Benn 15 (Frans Nielsen) at 18:50

Penalties :
Radko Gudas (WPG) for Hooking (Minor) at 1:31, Fredrik Claesson (NYR) for Tripping (Minor) at 11:34, Karl Alzner (NYR) for Tripping (Minor) at 18:54

3rd period

7. Jets , Rickard Rakell 11 (Nick Bonino) at 4:08

Penalties :
Cedric Paquette (NYR) for Tripping (Minor) at 1:10, Nick Holden (WPG) for Tripping (Minor) at 12:25

Goalie Stats

Brian Elliott (NYR), 27 saves from 32 shots - (0.844), L, 6-15-0, 60:00 minutes
Cory Schneider (WPG), 29 saves from 31 shots - (0.935), W, 20-10-2, 60:00 minutes

Players Stats for Rangers

Player Name              G  A  P  +/- PIM S  H  SB GA TA FO     MP     PP MP  PK MP  
------------------------------------------------------------------------------------
Alex Goligoski           0  0  0   0  0   0  0  6  0  0  0/0    24:26   3:11   4:54 
Benoit Pouliot           0  1  1   1  0   2  0  0  0  0  1/2    17:13   5:10   2:25 
Brad Richards            1  0  1   0  0   4  0  0  0  0  14/25  16:58   0:00   0:27 
Cedric Paquette          0  0  0  -1  2   1  5  0  0  0  3/4    11:40   2:54   1:19 
Chris Tanev              0  0  0  -1  0   0  0  1  0  0  0/0     2:27   0:32   1:02 
Connor McDavid           0  1  1   0  0   0  2  0  0  0  10/28  19:32   5:02   0:18 
Conor Sheary             0  0  0  -1  0   0  0  0  0  0  0/1    13:59   0:00   0:48 
Fredrik Claesson         0  0  0  -2  2   0  3  1  0  0  0/0    14:06   0:00   0:00 
Jaromir Jagr             0  1  1   1  0   2  0  0  0  0  5/16   20:06   5:10   5:18 
Joel Edmundson           0  0  0   1  4   1  0  0  0  0  0/0    18:21   3:11   2:20 
Karl Alzner              0  0  0   0  2   0  4  1  0  0  0/0    23:25   4:13   2:52 
Kris Russell             0  0  0  -1  0   3  0  2  0  0  0/0    24:21   4:45   5:12 
Mark Letestu             0  0  0  -1  0   0  0  0  0  0  3/13   13:11   0:00   0:00 
Mikael Backlund          0  0  0  -1  0   0  0  0  0  0  0/0     7:28   0:00   0:00 
Nick Schultz             0  0  0   1  0   2  0  1  0  0  0/0    12:51   0:00   0:00 
Sean Couturier           0  0  0   0  0   5  0  2  0  0  0/0    22:08   2:46   5:45 
Tomas Tatar              0  0  0   0  0   6  5  0  0  0  2/4    16:23   2:46   0:00 
Tyler Ennis              1  0  1  -1  0   5  2  0  0  0  0/0    13:11   0:00   0:00 

Players Stats for Jets

Player Name              G  A  P  +/- PIM S  H  SB GA TA FO     MP     PP MP  PK MP  
------------------------------------------------------------------------------------
Adam Lowry               0  0  0  -1  2   0  2  0  0  0  0/0     6:45   0:00   1:33 
Boyd Gordon              0  0  0  -1  0   0  0  0  0  0  5/9    10:47   0:00   5:34 
Brayden Schenn           0  0  0  -1  0   3  2  1  0  0  0/0    19:23   3:34   0:00 
Brent Seabrook           0  0  0  -1  0   3  3  4  0  0  0/0    22:39   4:48   1:21 
Cam Atkinson             0  0  0   1  0   2  0  0  0  0  0/0    18:02   3:34   1:14 
David Krejci             0  1  1  -1  0   4  0  0  0  0  17/28  20:25   4:36   0:00 
Erik Gustafsson          0  0  0   1  0   0  0  0  0  0  0/0    12:47   0:00   0:28 
Frans Nielsen            0  1  1   1  0   4  0  0  0  0  16/27  18:32   3:34   1:44 
Hampus Lindholm          1  0  1   1  0   2  1  0  0  0  0/0    24:13   4:48   4:20 
Jamie Benn               1  2  3   1  2   4  2  2  0  0  1/2    17:49   4:36   0:00 
Jason Zucker             1  0  1   2  0   2  1  0  0  0  0/0     9:38   0:00   0:00 
Joe Pavelski             1  1  2  -1  0   5  0  0  0  0  2/2    20:25   4:36   0:00 
Nick Bonino              0  2  2   2  0   0  0  0  0  0  14/25  14:55   0:00   5:17 
Nick Holden              0  0  0  -1  2   0  2  2  0  0  0/0    23:02   3:22   3:11 
Radko Gudas              0  0  0   1  2   0  2  0  0  0  0/0    15:14   0:00   2:56 
Rickard Rakell           1  1  2   2  0   1  1  0  0  0  0/0     9:38   0:00   0:00 
Teemu Pulkkinen          0  0  0  -1  0   0  0  0  0  0  0/0     5:43   0:00   0:30 
Tobias Enstrom           0  0  0   1  0   2  0  0  0  0  0/0    22:03   3:22   3:36 

3 Stars

1 - Jamie Benn (WPG)
2 - Rickard Rakell (WPG)
3 - Jason Zucker (WPG)

Power Play

Rangers - 0 on 4 Attempt(s) - 0.00%
Jets - 2 on 5 Attempt(s) - 40.00%

Penalty Kill

Rangers - 3 on 5 Attempt(s) - 60.00% - Score 0 goal in Penalty Kill
Jets - 4 on 4 Attempt(s) - 100.00% - Score 0 goal in Penalty Kill

Team Stat

Rangers - Hits : 21 - Faceoff Wins : 38 - Blocked Shots : 14 - Penalty Minutes : 10
Jets - Hits : 16 - Faceoff Wins : 55 - Blocked Shots : 9 - Penalty Minutes : 8

Official

Referees : Garrett Rank and Gord Dwyer
Linesman : Derek Nansen and Thor Nelson

Game Notes

No Game Note

Finance

Level 1 -- Attendance: 6000 (100.00%) -- Ticket Income $588,000
Level 2 -- Attendance: 4660 (93.20%) -- Ticket Income $358,820
Level 3 -- Attendance: 2200 (100.00%) -- Ticket Income $158,400
Level 4 -- Attendance: 1016 (100.00%) -- Ticket Income $67,056
Luxury Box -- Attendance: 753 (94.13%) -- Ticket Income $173,190
Game was played at the MTS Center.
Total Attendance: 14629 (97.42%)
Total Ticket Income: $1,345,466
Other Income: $201,820
Total Income: $1,547,286

% Time on Ice - Rangers

Lines # - Real PCT - Wanted PCT - Time Play
Normal Forward
1 - 31% - 40% - 13:37
2 - 22% - 30% - 9:38
3 - 30% - 20% - 13:11
4 - 17% - 10% - 7:28
Normal Defense
1 - 37% - 40% - 16:21
2 - 33% - 30% - 14:42
3 - 29% - 20% - 12:51
4 - 0% - 10% - 0:00
PP Forward
1 - 65% - 60% - 5:10
2 - 35% - 40% - 2:46
PP Defense
1 - 60% - 60% - 4:45
2 - 40% - 40% - 3:11
PK Forward
1 - 74% - 60% - 6:03
2 - 26% - 40% - 2:07
PK Defense
1 - 59% - 60% - 4:47
2 - 41% - 40% - 3:23
PK3 Forward
1 - 0% - 60%
2 - 0% - 40%
PK3 Defense
1 - 0% - 60%
2 - 0% - 40%
44 Forward
1 - 0% - 60%
2 - 0% - 40%
44 Defense
1 - 0% - 60%
2 - 0% - 40%
Last Minute Offensive  - 0:00
Last Minute Defensive  - 0:00
Total
Forward - 60:00
Defense - 60:00

% Time on Ice - Jets

Lines # - Real PCT - Wanted PCT - Time Play
Normal Forward
1 - 36% - 37% - 15:49
2 - 30% - 30% - 13:14
3 - 22% - 21% - 9:38
4 - 12% - 12% - 5:13
Normal Defense
1 - 34% - 34% - 15:05
2 - 33% - 32% - 14:23
3 - 28% - 23% - 12:19
4 - 5% - 11% - 2:07
PP Forward
1 - 56% - 63% - 4:36
2 - 44% - 37% - 3:34
PP Defense
1 - 59% - 70% - 4:48
2 - 41% - 30% - 3:22
PK Forward
1 - 78% - 65% - 6:12
2 - 22% - 35% - 1:44
PK Defense
1 - 55% - 60% - 4:20
2 - 45% - 40% - 3:36
PK3 Forward
1 - 0% - 70%
2 - 0% - 30%
PK3 Defense
1 - 0% - 60%
2 - 0% - 40%
44 Forward
1 - 0% - 50%
2 - 0% - 50%
44 Defense
1 - 0% - 51%
2 - 0% - 49%
Last Minute Offensive  - 0:00
Last Minute Defensive  - 0:00
Total
Forward - 60:00
Defense - 60:00

Play by Play

1st period


0:01 of 1st period - David Krejci wins face-off versus Connor McDavid in neutral zone.
0:07 of 1st period - Joe Pavelski is hit by Connor McDavid.
0:09 of 1st period - Shot by Brayden Schenn.
0:09 of 1st period - Shot Blocked by Alex Goligoski.
0:11 of 1st period - Shot by David Krejci.
0:11 of 1st period - Shot Misses the Net.
0:13 of 1st period - Shot by David Krejci.
0:13 of 1st period - Stopped by Brian Elliott without a rebound.
0:14 of 1st period - Brad Richards wins face-off versus Frans Nielsen in Rangers zone.
0:14 of 1st period - Minor Penalty to Jamie Benn for Holding.
0:15 of 1st period - Connor McDavid wins face-off versus Nick Bonino in Jets zone.
0:18 of 1st period - Shot by Jaromir Jagr.
0:18 of 1st period - Shot Misses the Net.
0:24 of 1st period - Shot by Benoit Pouliot.
0:24 of 1st period - Shot Blocked by Nick Holden.
0:26 of 1st period - Shot by Benoit Pouliot.
0:26 of 1st period - Shot Misses the Net.
0:28 of 1st period - Shot by Benoit Pouliot.
0:28 of 1st period - Shot Blocked by Nick Holden.
0:40 of 1st period - Shot by Kris Russell.
0:40 of 1st period - Stopped by Cory Schneider without a rebound.
0:41 of 1st period - Frans Nielsen wins face-off versus Cedric Paquette in Jets zone.
0:49 of 1st period - Icing by Alex Goligoski.
0:50 of 1st period - Tomas Tatar wins face-off versus Frans Nielsen in Rangers zone.
0:50 of 1st period - Tomas Tatar is hit by Adam Lowry.
0:58 of 1st period - Shot by Sean Couturier.
0:58 of 1st period - Stopped by Cory Schneider without a rebound.
0:59 of 1st period - Nick Bonino wins face-off versus Connor McDavid in Jets zone.
1:51 of 1st period - Icing by Karl Alzner.
1:52 of 1st period - Nick Bonino wins face-off versus Connor McDavid in Rangers zone.
2:19 of 1st period - Shot by Tyler Ennis.
2:19 of 1st period - Goal by Tyler Ennis - Rangers : 1 - Jets : 0.
2:20 of 1st period - Frans Nielsen wins face-off versus Mark Letestu in neutral zone.
3:18 of 1st period - Icing by Nick Schultz.
3:19 of 1st period - Nick Bonino wins face-off versus Mark Letestu in Rangers zone.
3:31 of 1st period - Icing by Nick Schultz.
3:32 of 1st period - David Krejci wins face-off versus Mark Letestu in Rangers zone.
4:06 of 1st period - Shot by David Krejci.
4:06 of 1st period - Stopped by Brian Elliott with a rebound.
5:55 of 1st period - Shot by Tomas Tatar.
5:55 of 1st period - Stopped by Cory Schneider with a rebound.
6:16 of 1st period - Sean Couturier is hit by Jamie Benn and loses puck.
6:42 of 1st period - Jaromir Jagr is hit by Nick Holden and loses puck.
6:47 of 1st period - Shot by Brad Richards.
6:47 of 1st period - Stopped by Cory Schneider without a rebound.
6:48 of 1st period - Boyd Gordon wins face-off versus Brad Richards in Jets zone.
7:25 of 1st period - Off-side.
7:26 of 1st period - Brad Richards wins face-off versus David Krejci in neutral zone.
7:31 of 1st period - Shot by Jaromir Jagr.
7:31 of 1st period - Shot Blocked by Brent Seabrook.
7:42 of 1st period - Off-side.
7:43 of 1st period - Connor McDavid wins face-off versus Nick Bonino in neutral zone.
7:56 of 1st period - Sean Couturier is hit by Jason Zucker and loses puck.
8:18 of 1st period - Jason Zucker is hit by Karl Alzner and loses puck.
8:21 of 1st period - Shot by Nick Bonino.
8:21 of 1st period - Shot Misses the Net.
8:23 of 1st period - Shot by Nick Bonino.
8:23 of 1st period - Shot Misses the Net.
8:52 of 1st period - Shot by Brayden Schenn.
8:52 of 1st period - Shot Misses the Net.
8:56 of 1st period - Shot by Joe Pavelski.
8:56 of 1st period - Deflect By Brayden Schenn.
8:56 of 1st period - Shot Misses the Net.
9:02 of 1st period - Shot by David Krejci.
9:02 of 1st period - Shot Misses the Net.
9:04 of 1st period - Shot by Brent Seabrook.
9:04 of 1st period - Shot Blocked by Karl Alzner.
9:35 of 1st period - Frans Nielsen is hit by Karl Alzner.
9:47 of 1st period - Shot by Cam Atkinson.
9:47 of 1st period - Shot Misses the Net.
9:51 of 1st period - Shot by Jamie Benn.
9:51 of 1st period - Shot Blocked by Alex Goligoski.
9:53 of 1st period - Shot by Frans Nielsen.
9:53 of 1st period - Stopped by Brian Elliott without a rebound.
9:54 of 1st period - Boyd Gordon wins face-off versus Brad Richards in Rangers zone.
10:34 of 1st period - Tobias Enstrom is hit by Fredrik Claesson and loses puck.
11:14 of 1st period - Icing by Fredrik Claesson.
11:15 of 1st period - Brad Richards wins face-off versus David Krejci in Rangers zone.
11:46 of 1st period - Shot by Mark Letestu.
11:46 of 1st period - Shot Misses the Net.
12:13 of 1st period - Icing by Radko Gudas.
12:14 of 1st period - David Krejci wins face-off versus Connor McDavid in Jets zone.
12:43 of 1st period - Mikael Backlund is hit by Brent Seabrook and loses puck.
13:36 of 1st period - Shot by Brad Richards.
13:36 of 1st period - Stopped by Cory Schneider without a rebound.
13:37 of 1st period - Connor McDavid wins face-off versus Nick Bonino in Jets zone.
13:43 of 1st period - Icing by Tobias Enstrom.
13:44 of 1st period - Nick Bonino wins face-off versus Brad Richards in Jets zone.
13:44 of 1st period - Tobias Enstrom is hit by Cedric Paquette and loses puck.
14:25 of 1st period - Nick Bonino is hit by Cedric Paquette.
14:53 of 1st period - Double Minor Penalty to Joel Edmundson for High sticking.
14:54 of 1st period - David Krejci wins face-off versus Jaromir Jagr in Rangers zone.
14:56 of 1st period - Joe Pavelski is hit by Karl Alzner and loses puck.
14:59 of 1st period - Shot by Brent Seabrook.
14:59 of 1st period - Shot Misses the Net.
15:05 of 1st period - Shot by Jamie Benn.
15:05 of 1st period - Stopped by Brian Elliott without a rebound.
15:06 of 1st period - Frans Nielsen wins face-off versus Jaromir Jagr in Rangers zone.
15:07 of 1st period - Shot by Brayden Schenn.
15:07 of 1st period - Shot Misses the Net.
15:09 of 1st period - Shot by Brayden Schenn.
15:09 of 1st period - Stopped by Brian Elliott with a rebound.
15:11 of 1st period - Shot by Frans Nielsen.
15:11 of 1st period - Stopped by Brian Elliott without a rebound.
15:12 of 1st period - David Krejci wins face-off versus Jaromir Jagr in Rangers zone.
15:17 of 1st period - Shot by Joe Pavelski.
15:17 of 1st period - Goal by Joe Pavelski - Rangers : 1 - Jets : 1.
15:18 of 1st period - David Krejci wins face-off versus Jaromir Jagr in neutral zone.
15:55 of 1st period - Shot by Joe Pavelski.
15:55 of 1st period - Shot Misses the Net.
15:57 of 1st period - Shot by Brent Seabrook.
15:57 of 1st period - Shot Misses the Net.
15:59 of 1st period - Shot by Jamie Benn.
15:59 of 1st period - Shot Misses the Net.
16:21 of 1st period - Shot by Brayden Schenn.
16:21 of 1st period - Stopped by Brian Elliott without a rebound.
16:22 of 1st period - Benoit Pouliot wins face-off versus Frans Nielsen in Rangers zone.
16:36 of 1st period - Shot by Tobias Enstrom.
16:36 of 1st period - Shot Blocked by Alex Goligoski.
16:38 of 1st period - Shot by Tobias Enstrom.
16:38 of 1st period - Shot Misses the Net.
16:40 of 1st period - Shot by Frans Nielsen.
16:40 of 1st period - Shot Blocked by Kris Russell.
16:42 of 1st period - Shot by Frans Nielsen.
16:42 of 1st period - Shot Misses the Net.
16:44 of 1st period - Shot by Frans Nielsen.
16:44 of 1st period - Shot Misses the Net.
16:46 of 1st period - Shot by Tobias Enstrom.
16:46 of 1st period - Stopped by Brian Elliott without a rebound.
16:47 of 1st period - Joe Pavelski wins face-off versus Jaromir Jagr in Rangers zone.
16:50 of 1st period - Shot by Jamie Benn.
16:50 of 1st period - Shot Blocked by Sean Couturier.
16:52 of 1st period - Shot by Hampus Lindholm.
16:52 of 1st period - Shot Misses the Net.
16:54 of 1st period - Shot by Hampus Lindholm.
16:54 of 1st period - Stopped by Brian Elliott without a rebound.
16:55 of 1st period - David Krejci wins face-off versus Jaromir Jagr in Rangers zone.
17:00 of 1st period - Shot by Jamie Benn.
17:00 of 1st period - Shot Blocked by Alex Goligoski.
17:02 of 1st period - Shot by Hampus Lindholm.
17:02 of 1st period - Deflect By Jamie Benn.
17:02 of 1st period - Shot Blocked by Alex Goligoski.
17:04 of 1st period - Shot by Joe Pavelski.
17:04 of 1st period - Shot Blocked by Chris Tanev.
17:06 of 1st period - Shot by Hampus Lindholm.
17:06 of 1st period - Goal by Hampus Lindholm - Rangers : 1 - Jets : 2.
17:07 of 1st period - Brad Richards wins face-off versus Boyd Gordon in neutral zone.
17:07 of 1st period - Minor Penalty to Adam Lowry for Roughing.
17:08 of 1st period - Connor McDavid wins face-off versus Nick Bonino in Jets zone.
17:09 of 1st period - Shot by Jaromir Jagr.
17:09 of 1st period - Shot Misses the Net.
17:51 of 1st period - Nick Holden is hit by Connor McDavid and loses puck.
18:09 of 1st period - Shot by Joel Edmundson.
18:09 of 1st period - Stopped by Cory Schneider without a rebound.
18:10 of 1st period - Cedric Paquette wins face-off versus Nick Bonino in Jets zone.
18:15 of 1st period - Shot by Alex Goligoski.
18:15 of 1st period - Shot Misses the Net.
18:17 of 1st period - Shot by Alex Goligoski.
18:17 of 1st period - Deflect By Tomas Tatar.
18:17 of 1st period - Stopped by Cory Schneider without a rebound.
18:18 of 1st period - Cedric Paquette wins face-off versus Nick Bonino in Jets zone.
18:43 of 1st period - Radko Gudas is hit by Cedric Paquette and loses puck.
18:56 of 1st period - Shot by Tomas Tatar.
18:56 of 1st period - Stopped by Cory Schneider without a rebound.
18:57 of 1st period - Frans Nielsen wins face-off versus Connor McDavid in Jets zone.
19:35 of 1st period - Kris Russell is hit by Brent Seabrook and loses puck.
19:58 of 1st period - Karl Alzner is hit by Brayden Schenn and loses puck.
Goals for this period are 1 for Rangers vs 2 for Jets.
Shots for this period are 9 for Rangers vs 11 for Jets.

2nd period


0:01 of 2nd period - Connor McDavid wins face-off versus Frans Nielsen in neutral zone.
0:21 of 2nd period - Cam Atkinson is hit by Karl Alzner and loses puck.
0:46 of 2nd period - Shot by Frans Nielsen.
0:46 of 2nd period - Shot Hit the Post.
1:10 of 2nd period - Shot by Joe Pavelski.
1:10 of 2nd period - Stopped by Brian Elliott without a rebound.
1:11 of 2nd period - Nick Bonino wins face-off versus Jaromir Jagr in Rangers zone.
1:14 of 2nd period - Shot by Rickard Rakell.
1:14 of 2nd period - Shot Misses the Net.
1:31 of 2nd period - Minor Penalty to Radko Gudas for Hooking.
1:32 of 2nd period - Nick Bonino wins face-off versus Connor McDavid in Jets zone.
1:59 of 2nd period - Shot by Connor McDavid.
1:59 of 2nd period - Shot Misses the Net.
2:01 of 2nd period - Shot by Connor McDavid.
2:01 of 2nd period - Shot Misses the Net.
2:31 of 2nd period - Shot by Cedric Paquette.
2:31 of 2nd period - Stopped by Cory Schneider with a rebound.
2:33 of 2nd period - Shot by Kris Russell.
2:33 of 2nd period - Stopped by Cory Schneider without a rebound.
2:34 of 2nd period - Cedric Paquette wins face-off versus Nick Bonino in Jets zone.
2:41 of 2nd period - Shot by Benoit Pouliot.
2:41 of 2nd period - Deflect By Jaromir Jagr.
2:41 of 2nd period - Stopped by Cory Schneider without a rebound.
2:42 of 2nd period - Connor McDavid wins face-off versus Nick Bonino in Jets zone.
3:21 of 2nd period - Shot by Cedric Paquette.
3:21 of 2nd period - Deflect By Tomas Tatar.
3:21 of 2nd period - Shot Misses the Net.
3:23 of 2nd period - Shot by Cedric Paquette.
3:23 of 2nd period - Shot Misses the Net.
3:25 of 2nd period - Shot by Tomas Tatar.
3:25 of 2nd period - Shot Misses the Net.
3:27 of 2nd period - Shot by Tomas Tatar.
3:27 of 2nd period - Stopped by Cory Schneider with a rebound.
3:29 of 2nd period - Shot by Sean Couturier.
3:29 of 2nd period - Deflect By Tomas Tatar.
3:29 of 2nd period - Stopped by Cory Schneider with a rebound.
3:33 of 2nd period - Shot by Sean Couturier.
3:33 of 2nd period - Stopped by Cory Schneider without a rebound.
3:34 of 2nd period - Mark Letestu wins face-off versus David Krejci in Jets zone.
3:35 of 2nd period - Shot by Tyler Ennis.
3:35 of 2nd period - Stopped by Cory Schneider without a rebound.
3:36 of 2nd period - Brad Richards wins face-off versus David Krejci in Jets zone.
4:10 of 2nd period - Shot by David Krejci.
4:10 of 2nd period - Shot Blocked by Fredrik Claesson.
4:12 of 2nd period - Shot by David Krejci.
4:12 of 2nd period - Shot Misses the Net.
4:32 of 2nd period - Shot by Frans Nielsen.
4:32 of 2nd period - Shot Misses the Net.
4:42 of 2nd period - Shot by Jamie Benn.
4:42 of 2nd period - Stopped by Brian Elliott without a rebound.
4:43 of 2nd period - Tomas Tatar wins face-off versus Boyd Gordon in Rangers zone.
4:47 of 2nd period - Tomas Tatar is hit by Brent Seabrook and loses puck.
4:59 of 2nd period - Icing by Nick Holden.
5:00 of 2nd period - Boyd Gordon wins face-off versus Mark Letestu in Jets zone.
5:00 of 2nd period - Boyd Gordon is hit by Tyler Ennis.
5:22 of 2nd period - Mark Letestu is hit by Nick Holden and loses puck.
6:19 of 2nd period - Icing by Karl Alzner.
6:20 of 2nd period - Frans Nielsen wins face-off versus Connor McDavid in Rangers zone.
6:27 of 2nd period - Shot by Jamie Benn.
6:27 of 2nd period - Stopped by Brian Elliott without a rebound.
6:28 of 2nd period - Jaromir Jagr wins face-off versus Frans Nielsen in Rangers zone.
6:32 of 2nd period - Alex Goligoski is hit by Radko Gudas and loses puck.
6:39 of 2nd period - Shot by Jaromir Jagr.
6:39 of 2nd period - Shot Blocked by Jamie Benn.
7:11 of 2nd period - Icing by Radko Gudas.
7:12 of 2nd period - Frans Nielsen wins face-off versus Connor McDavid in Jets zone.
8:03 of 2nd period - Brayden Schenn is hit by Fredrik Claesson and loses puck.
9:01 of 2nd period - Shot by Tyler Ennis.
9:01 of 2nd period - Shot Misses the Net.
9:05 of 2nd period - Shot by Tyler Ennis.
9:05 of 2nd period - Stopped by Cory Schneider without a rebound.
9:06 of 2nd period - Boyd Gordon wins face-off versus Brad Richards in Jets zone.
9:32 of 2nd period - Shot by Brad Richards.
9:32 of 2nd period - Goal by Brad Richards - Rangers : 2 - Jets : 2.
9:33 of 2nd period - Frans Nielsen wins face-off versus Brad Richards in neutral zone.
9:52 of 2nd period - Icing by Karl Alzner.
9:53 of 2nd period - Brad Richards wins face-off versus Nick Bonino in Rangers zone.
9:57 of 2nd period - Off-side.
9:58 of 2nd period - David Krejci wins face-off versus Tomas Tatar in neutral zone.
10:08 of 2nd period - Off-side.
10:09 of 2nd period - Nick Bonino wins face-off versus Connor McDavid in neutral zone.
10:31 of 2nd period - Shot by Sean Couturier.
10:31 of 2nd period - Stopped by Cory Schneider without a rebound.
10:32 of 2nd period - David Krejci wins face-off versus Brad Richards in Jets zone.
11:34 of 2nd period - Minor Penalty to Fredrik Claesson for Tripping.
11:35 of 2nd period - Frans Nielsen wins face-off versus Connor McDavid in Rangers zone.
11:48 of 2nd period - Shot by Frans Nielsen.
11:48 of 2nd period - Deflect By Brayden Schenn.
11:48 of 2nd period - Shot Misses the Net.
11:50 of 2nd period - Shot by Hampus Lindholm.
11:50 of 2nd period - Shot Misses the Net.
11:52 of 2nd period - Shot by Cam Atkinson.
11:52 of 2nd period - Stopped by Brian Elliott without a rebound.
11:53 of 2nd period - Jaromir Jagr wins face-off versus Jamie Benn in Rangers zone.
13:37 of 2nd period - Shot by Rickard Rakell.
13:37 of 2nd period - Shot Misses the Net.
13:51 of 2nd period - Shot by Jason Zucker.
13:51 of 2nd period - Goal by Jason Zucker - Rangers : 2 - Jets : 3.
13:52 of 2nd period - Brad Richards wins face-off versus Boyd Gordon in neutral zone.
13:52 of 2nd period - Mikael Backlund is hit by Adam Lowry.
14:19 of 2nd period - Off-side.
14:20 of 2nd period - Frans Nielsen wins face-off versus Connor McDavid in neutral zone.
14:23 of 2nd period - Fredrik Claesson is hit by Jamie Benn and loses puck.
14:45 of 2nd period - Shot by Jamie Benn.
14:45 of 2nd period - Shot Blocked by Kris Russell.
14:51 of 2nd period - Shot by Jamie Benn.
14:51 of 2nd period - Shot Misses the Net.
15:02 of 2nd period - Jamie Benn is hit by Fredrik Claesson and loses puck.
15:17 of 2nd period - Shot by Mark Letestu.
15:17 of 2nd period - Shot Misses the Net.
16:19 of 2nd period - Shot by Joe Pavelski.
16:19 of 2nd period - Stopped by Brian Elliott without a rebound.
16:20 of 2nd period - Nick Bonino wins face-off versus Brad Richards in Rangers zone.
16:24 of 2nd period - Icing by Alex Goligoski.
16:25 of 2nd period - Brad Richards wins face-off versus Nick Bonino in Rangers zone.
16:46 of 2nd period - Shot by Brad Richards.
16:46 of 2nd period - Stopped by Cory Schneider without a rebound.
16:47 of 2nd period - David Krejci wins face-off versus Connor McDavid in Jets zone.
16:47 of 2nd period - David Krejci is hit by Tomas Tatar.
16:54 of 2nd period - Icing by Kris Russell.
16:55 of 2nd period - Connor McDavid wins face-off versus David Krejci in Rangers zone.
17:02 of 2nd period - Shot by Connor McDavid.
17:02 of 2nd period - Deflect By Tomas Tatar.
17:02 of 2nd period - Stopped by Cory Schneider without a rebound.
17:03 of 2nd period - Connor McDavid wins face-off versus David Krejci in Jets zone.
17:07 of 2nd period - Sean Couturier is hit by Hampus Lindholm and loses puck.
17:18 of 2nd period - Shot by Joe Pavelski.
17:18 of 2nd period - Stopped by Brian Elliott without a rebound.
17:19 of 2nd period - Frans Nielsen wins face-off versus Benoit Pouliot in Rangers zone.
18:03 of 2nd period - Shot by Frans Nielsen.
18:03 of 2nd period - Stopped by Brian Elliott without a rebound.
18:04 of 2nd period - David Krejci wins face-off versus Tomas Tatar in Rangers zone.
18:05 of 2nd period - Shot by Joe Pavelski.
18:05 of 2nd period - Shot Misses the Net.
18:15 of 2nd period - Shot by David Krejci.
18:15 of 2nd period - Shot Misses the Net.
18:17 of 2nd period - Shot by David Krejci.
18:17 of 2nd period - Shot Misses the Net.
18:33 of 2nd period - Shot by Joe Pavelski.
18:33 of 2nd period - Stopped by Brian Elliott without a rebound.
18:34 of 2nd period - Nick Bonino wins face-off versus Mark Letestu in Rangers zone.
18:41 of 2nd period - Shot by Jason Zucker.
18:41 of 2nd period - Shot Blocked by Nick Schultz.
18:48 of 2nd period - Icing by Nick Schultz.
18:49 of 2nd period - Frans Nielsen wins face-off versus Conor Sheary in Rangers zone.
18:50 of 2nd period - Shot by Jamie Benn.
18:50 of 2nd period - Goal by Jamie Benn - Rangers : 2 - Jets : 4.
18:51 of 2nd period - David Krejci wins face-off versus Connor McDavid in neutral zone.
18:54 of 2nd period - Shot by Joe Pavelski.
18:54 of 2nd period - Deflect By David Krejci.
18:54 of 2nd period - Stopped by Brian Elliott without a rebound.
18:54 of 2nd period - Minor Penalty to Karl Alzner for Tripping.
18:55 of 2nd period - David Krejci wins face-off versus Jaromir Jagr in Rangers zone.
19:29 of 2nd period - Shot by Jamie Benn.
19:29 of 2nd period - Shot Blocked by Alex Goligoski.
19:31 of 2nd period - Shot by Brent Seabrook.
19:31 of 2nd period - Stopped by Brian Elliott without a rebound.
19:32 of 2nd period - Jaromir Jagr wins face-off versus Frans Nielsen in Rangers zone.
Goals for this period are 1 for Rangers vs 2 for Jets.
Shots for this period are 12 for Rangers vs 12 for Jets.

3rd period


0:01 of 3rd period - David Krejci wins face-off versus Jaromir Jagr in neutral zone.
0:26 of 3rd period - Shot by Brent Seabrook.
0:26 of 3rd period - Stopped by Brian Elliott without a rebound.
0:27 of 3rd period - Frans Nielsen wins face-off versus Jaromir Jagr in Rangers zone.
0:28 of 3rd period - Shot by Tobias Enstrom.
0:28 of 3rd period - Stopped by Brian Elliott without a rebound.
0:29 of 3rd period - Frans Nielsen wins face-off versus Jaromir Jagr in Rangers zone.
0:48 of 3rd period - Shot by Brayden Schenn.
0:48 of 3rd period - Shot Misses the Net.
0:50 of 3rd period - Shot by Frans Nielsen.
0:50 of 3rd period - Stopped by Brian Elliott without a rebound.
0:51 of 3rd period - Jaromir Jagr wins face-off versus David Krejci in Rangers zone.
0:59 of 3rd period - Nick Bonino is hit by Cedric Paquette and loses puck.
1:10 of 3rd period - Minor Penalty to Cedric Paquette for Tripping.
1:11 of 3rd period - Jaromir Jagr wins face-off versus David Krejci in Rangers zone.
1:40 of 3rd period - Shot by Joe Pavelski.
1:40 of 3rd period - Shot Misses the Net.
3:18 of 3rd period - Icing by Radko Gudas.
3:19 of 3rd period - Boyd Gordon wins face-off versus Brad Richards in Jets zone.
3:19 of 3rd period - Erik Gustafsson is hit by Cedric Paquette and loses puck.
4:06 of 3rd period - Icing by Kris Russell.
4:07 of 3rd period - Nick Bonino wins face-off versus Brad Richards in Rangers zone.
4:08 of 3rd period - Shot by Rickard Rakell.
4:08 of 3rd period - Goal by Rickard Rakell - Rangers : 2 - Jets : 5.
4:09 of 3rd period - Nick Bonino wins face-off versus Connor McDavid in neutral zone.
4:09 of 3rd period - Rickard Rakell is hit by Tomas Tatar and loses puck.
4:36 of 3rd period - Shot by Rickard Rakell.
4:36 of 3rd period - Shot Misses the Net.
5:06 of 3rd period - Shot by Tyler Ennis.
5:06 of 3rd period - Stopped by Cory Schneider without a rebound.
5:07 of 3rd period - Joe Pavelski wins face-off versus Brad Richards in Jets zone.
5:14 of 3rd period - Shot by Brayden Schenn.
5:14 of 3rd period - Deflect By Joe Pavelski.
5:14 of 3rd period - Shot Misses the Net.
5:39 of 3rd period - Shot by Benoit Pouliot.
5:39 of 3rd period - Shot Blocked by Brent Seabrook.
5:41 of 3rd period - Shot by Benoit Pouliot.
5:41 of 3rd period - Shot Misses the Net.
5:45 of 3rd period - Shot by Brad Richards.
5:45 of 3rd period - Shot Blocked by Brayden Schenn.
5:47 of 3rd period - Shot by Nick Schultz.
5:47 of 3rd period - Stopped by Cory Schneider without a rebound.
5:48 of 3rd period - Jamie Benn wins face-off versus Mark Letestu in Jets zone.
6:02 of 3rd period - Shot by Kris Russell.
6:02 of 3rd period - Stopped by Cory Schneider without a rebound.
6:03 of 3rd period - Connor McDavid wins face-off versus Boyd Gordon in Jets zone.
7:12 of 3rd period - Shot by Benoit Pouliot.
7:12 of 3rd period - Shot Misses the Net.
7:29 of 3rd period - Shot by Brent Seabrook.
7:29 of 3rd period - Stopped by Brian Elliott without a rebound.
7:30 of 3rd period - Mark Letestu wins face-off versus Frans Nielsen in Rangers zone.
7:36 of 3rd period - Icing by Nick Schultz.
7:37 of 3rd period - Frans Nielsen wins face-off versus Mark Letestu in Rangers zone.
7:38 of 3rd period - Shot by Jamie Benn.
7:38 of 3rd period - Shot Misses the Net.
7:46 of 3rd period - Shot by Jamie Benn.
7:46 of 3rd period - Shot Misses the Net.
8:22 of 3rd period - Frans Nielsen is hit by Tyler Ennis and loses puck.
9:04 of 3rd period - Icing by Joe Pavelski.
9:05 of 3rd period - David Krejci wins face-off versus Brad Richards in Jets zone.
10:58 of 3rd period - Shot by Nick Schultz.
10:58 of 3rd period - Stopped by Cory Schneider without a rebound.
10:59 of 3rd period - Brad Richards wins face-off versus Frans Nielsen in Jets zone.
11:28 of 3rd period - Icing by Jamie Benn.
11:29 of 3rd period - Mark Letestu wins face-off versus Frans Nielsen in Jets zone.
11:30 of 3rd period - Shot by Tyler Ennis.
11:30 of 3rd period - Stopped by Cory Schneider without a rebound.
11:31 of 3rd period - David Krejci wins face-off versus Mark Letestu in Jets zone.
11:47 of 3rd period - Icing by Karl Alzner.
11:48 of 3rd period - Frans Nielsen wins face-off versus Mark Letestu in Rangers zone.
12:04 of 3rd period - Shot by Mark Letestu.
12:04 of 3rd period - Shot Blocked by Jamie Benn.
12:06 of 3rd period - Shot by Karl Alzner.
12:06 of 3rd period - Shot Blocked by Brent Seabrook.
12:25 of 3rd period - Minor Penalty to Nick Holden for Tripping.
12:26 of 3rd period - Nick Bonino wins face-off versus Connor McDavid in Jets zone.
13:42 of 3rd period - Shot by Teemu Pulkkinen.
13:42 of 3rd period - Shot Blocked by Sean Couturier.
13:48 of 3rd period - Shot by Alex Goligoski.
13:48 of 3rd period - Shot Misses the Net.
14:58 of 3rd period - Shot by Joe Pavelski.
14:58 of 3rd period - Shot Misses the Net.
15:34 of 3rd period - Shot by Brad Richards.
15:34 of 3rd period - Shot Misses the Net.
15:43 of 3rd period - Mikael Backlund is hit by Radko Gudas and loses puck.
16:11 of 3rd period - Icing by Fredrik Claesson.
16:12 of 3rd period - Brad Richards wins face-off versus Nick Bonino in Rangers zone.
16:12 of 3rd period - Brad Richards is hit by Rickard Rakell.
16:42 of 3rd period - Shot by Jason Zucker.
16:42 of 3rd period - Stopped by Brian Elliott without a rebound.
16:43 of 3rd period - Brad Richards wins face-off versus David Krejci in Rangers zone.
17:17 of 3rd period - Shot by David Krejci.
17:17 of 3rd period - Stopped by Brian Elliott without a rebound.
17:18 of 3rd period - Connor McDavid wins face-off versus Frans Nielsen in Rangers zone.
17:31 of 3rd period - Shot by Sean Couturier.
17:31 of 3rd period - Stopped by Cory Schneider without a rebound.
17:32 of 3rd period - Nick Bonino wins face-off versus Mark Letestu in Jets zone.
18:20 of 3rd period - Icing by Nick Bonino.
18:21 of 3rd period - Nick Bonino wins face-off versus Connor McDavid in Jets zone.
18:21 of 3rd period - Jason Zucker is hit by Tomas Tatar and loses puck.
18:34 of 3rd period - Shot by Sean Couturier.
18:34 of 3rd period - Shot Misses the Net.
18:36 of 3rd period - Shot by Sean Couturier.
18:36 of 3rd period - Stopped by Cory Schneider without a rebound.
18:37 of 3rd period - Brad Richards wins face-off versus David Krejci in Jets zone.
18:55 of 3rd period - Shot by Jaromir Jagr.
18:55 of 3rd period - Shot Hit the Post.
19:01 of 3rd period - Shot by Benoit Pouliot.
19:01 of 3rd period - Stopped by Cory Schneider without a rebound.
19:02 of 3rd period - Frans Nielsen wins face-off versus Connor McDavid in Jets zone.
19:02 of 3rd period - Frans Nielsen is hit by Tomas Tatar.
19:16 of 3rd period - Shot by Cam Atkinson.
19:16 of 3rd period - Stopped by Brian Elliott without a rebound.
19:17 of 3rd period - Brad Richards wins face-off versus David Krejci in Rangers zone.
19:19 of 3rd period - Kris Russell is hit by Brayden Schenn and loses puck.
19:24 of 3rd period - Shot by Benoit Pouliot.
19:24 of 3rd period - Shot Blocked by Brent Seabrook.
19:26 of 3rd period - Shot by Benoit Pouliot.
19:26 of 3rd period - Stopped by Cory Schneider without a rebound.
19:27 of 3rd period - David Krejci wins face-off versus Connor McDavid in Jets zone.
19:27 of 3rd period - David Krejci is hit by Tomas Tatar.
19:35 of 3rd period - Shot by David Krejci.
19:35 of 3rd period - Shot Misses the Net.
19:41 of 3rd period - Shot by Brayden Schenn.
19:41 of 3rd period - Stopped by Brian Elliott without a rebound.
19:42 of 3rd period - Brad Richards wins face-off versus Frans Nielsen in Rangers zone.
19:49 of 3rd period - Shot by Benoit Pouliot.
19:49 of 3rd period - Shot Misses the Net.
19:59 of 3rd period - Shot by Jaromir Jagr.
19:59 of 3rd period - Stopped by Cory Schneider with a rebound.
Goals for this period are 0 for Rangers vs 1 for Jets.
Shots for this period are 10 for Rangers vs 9 for Jets.